 Dungeon Crawl Stone Soup version 0.20-a0-1056-g7622305 (webtiles) character file.

8744 Rrauwl the Cleaver (level 11, -7/86 HPs)
             Began as a Formicid Abyssal Knight on Apr 26, 2017.
             Was a High Priest of Lugonu.
             Mangled by twist's ghost (36 damage)
             ... on level 1 of the Lair of Beasts.
             The game lasted 00:32:36 (9744 turns).

Rrauwl the Cleaver (Formicid Abyssal Knight)        Turns: 9744, Time: 00:32:37

Health: -7/86      AC: 17    Str: 19    XL:     11   Next: 61%
Magic:  15/15      EV: 11    Int: 12    God:    Lugonu [*****.]
Gold:   107        SH: 11    Dex: 11    Spells: 8/10 levels left

rFire    . . .     SeeInvis +   a - +0 war axe (elec)
rCold    . . .     Gourm    .   g - +0 buckler
rNeg     . . .     Faith    .   L - +4 scale mail "Cunus" {MR+}
rPois    +         Spirit   .   (helmet unavailable)
rElec    .         Reflect  +   w - +2 cloak {+Inv}
rCorr    .         Harm     .   (no gloves)
MR       ++...                  x - +1 pair of boots
Stlth    ..........             I - +6 amulet of reflection
Regen    0.3/turn               r - ring of poison resistance
MPRegen  0.2/turn               (no ring)

@: no status effects
A: permanent stasis, dig shafts and tunnels, four strong arms, antennae 3,
robust 1, shaggy fur 1, sturdy frame 1
a: Dig, Shaft Self, Depart the Abyss, Bend Space, Banish, Corrupt, Enter the
Abyss, Renounce Religion, Evoke Invisibility


You were on level 1 of the Lair of Beasts.
You worshipped Lugonu.
Lugonu was extremely pleased with you.
You were not hungry.

You visited 3 branches of the dungeon, and saw 12 of its levels.
You visited the Abyss 1 time.
You also visited: Ossuary.

You collected 635 gold pieces.
You spent 528 gold pieces at shops.

Inventory:

Hand Weapons
 a - a +0 war axe of electrocution (weapon)
 c - a +4 flail of crushing
Missiles
 B - 5 silver javelins (quivered)
Armour
 g - a +0 buckler (worn)
 w - a +2 cloak of invisibility (worn)
 x - a +1 pair of boots (worn)
 L - the +4 scale mail "Cunus" (worn) {MR+}
   (You bought it in a shop on level 9 of the Dungeon)

   It affects your resistance to hostile enchantments.
Jewellery
 b - an uncursed ring of wizardry
 r - a ring of poison resistance (left hand)
 I - a +6 amulet of reflection (around neck)
Wands
 m - a wand of lightning (13/15)
 p - a wand of flame (5/48)
 t - a wand of polymorph (12/24)
 E - a wand of acid (7/15)
 G - a wand of iceblast (7/15)
 J - a wand of acid (10/15)
Scrolls
 d - a scroll of enchant armour
 e - 5 scrolls of remove curse
 j - 4 scrolls of magic mapping
 k - 3 scrolls of fear
 l - 3 scrolls of immolation
 v - 2 scrolls of recharging
 y - 5 scrolls of identify
Potions
 i - 3 potions of mutation
 n - 5 potions of curing
 s - 2 potions of cancellation
 u - 2 potions of heal wounds
 z - 3 potions of flight
 A - 2 potions of brilliance
 F - a potion of ambrosia
Books
 D - a book of Party Tricks

   Spells                             Type                      Level
   a - Summon Butterflies             Summoning                    1
   b - Apportation                    Translocation                1
   c - Lesser Beckoning               Translocation                3
   d - Tukima's Dance                 Hexes                        3
   e - Alistair's Intoxication        Transmutation/Poison         5
   f - Invisibility                   Hexes                        6
 H - a book of Callings

   Spells                             Type                      Level
   a - Summon Small Mammal            Summoning                    1
   b - Call Imp                       Summoning                    2
   c - Call Canine Familiar           Summoning                    3
   d - Summon Guardian Golem          Hexes/Summoning              3
   e - Summon Lightning Spire         Summoning/Air                4
   f - Summon Ice Beast               Ice/Summoning                4
Comestibles
 f - 5 fruits
 h - a chunk of flesh
 o - 6 royal jellies
 q - 10 bread rations
 C - 4 meat rations


   Skills:
 - Level 5.0 Fighting
 + Level 13.2 Axes
 - Level 4.0 Armour
 - Level 3.0 Dodging
 + Level 7.8 Shields
 + Level 5.6 Invocations
 + Level 5.0 Evocations


You had 8 spell levels left.
You knew the following spells:

 Your Spells              Type           Power        Failure   Level  Hunger
a - Summon Butterflies    Summ           #.......     54%         1    ##.....
b - Apportation           Tloc           #.....       54%         1    ##.....


Dungeon Overview and Level Annotations

Branches:
Dungeon (10/15)            Temple (1/1) D:4            Lair (1/6) D:10
    Orc (0/2) D:9

Altars:
Ashenzari
Cheibriados
Dithmenos
Elyvilon
Fedhas
Gozag
Hepliaklqana
Kikubaaqudgha
Makhleb
Nemelex Xobeh
Okawaru
Qazlal
Ru
Sif Muna
Trog
Uskayaw
Vehumet
Wu Jian
Xom
Yredelemnul
Zin
The Shining One

Shops:
D:4 (   D:5 !   D:9 [

Annotations:
Lair:1 twist's ghost, journeyman OgHu


Innate Abilities, Weirdness & Mutations

You cannot be hasted, slowed, berserked, paralysed or teleported.
You can dig through walls and to a lower floor.
Your four strong arms can wield two-handed weapons with a shield.
You have a pair of large antennae on your head. (SInv)
You are robust. (+10% HP)
You are covered in fur. (AC +1)
Your movements are slightly less encumbered by armour. (ER -2)


Message History

You hit the wolf. You block the wolf's attack. The wolf barely misses you.
You hit the wolf but do no damage.
The wolf is moderately wounded.
You hit twist's ghost but do no damage.
The blink frog blinks!
Twist's ghost hits you!! The wolf barely misses you.
You miss the wolf.
The wolf is moderately wounded.
You barely miss twist's ghost. You block the wolf's attack.
Twist's ghost hits you! The wolf bites you but does no damage.
You closely miss the wolf.
The wolf is moderately wounded.
You barely miss the blink frog. You slash twist's ghost!
You block the wolf's attack.
The blink frog blinks!
You block twist's ghost's attack.
You slash the wolf! Lightning courses through the wolf!
You kill the wolf!
Lugonu accepts your kill.
Your Evocations skill increases to level 5!
You hit twist's ghost.
The blink frog blinks!
Twist's ghost hits you!!!
You die...

###
#######.###.##.
......§.†..§.F.
#@# ###W###
#..<..# #.....#
##....+ .....#
#.8.++# ...##
....


You could see a blink frog and twist's ghost.

Vanquished Creatures
  Erolcha (D:10)
  4 two-headed ogres
  Pikel (D:6)
  A troll (D:8)
  Grinder (D:6)
  Sigmund (D:3)
  A wraith (D:10)
  A basilisk (Lair:1)
  Menkaure (D:6)
  A warg (D:9)
  Edmund (D:6)
  2 hell hounds (D:10)
  An orc warrior (D:9)
  2 ice beasts
  3 ogres
  3 slaves (D:6)
  2 phantoms
  5 wolves (Lair:1)
  2 centaurs
  Blork the orc (D:6)
  A bullfrog (D:8)
  2 scorpions
  2 wyvern skeletons
  10 killer bees
  2 howler monkeys (D:5)
  4 crimson imps
  A bullfrog zombie (Ossuary)
  4 hounds
  A bullfrog skeleton (D:7)
  2 centaur zombies
  2 orc priests (D:6)
  A centaur skeleton (D:4)
  2 orc wizards
  Terence (D:3)
  5 iguanas
  3 worker ants
  A killer bee zombie (D:9)
  4 hound zombies (Ossuary)
  2 hound skeletons
  12 mummies (Ossuary)
  A howler monkey zombie (Ossuary)
  3 worker ant zombies (Ossuary)
  10 adders
  A howler monkey skeleton (D:4)
  2 shadow imps
  3 adder zombies (Ossuary)
  An adder skeleton (D:6)
  7 worms
  A dart slug (D:5)
  5 leopard geckos
  27 orcs
  2 ball pythons (D:2)
  4 bats
  6 giant cockroaches
  8 hobgoblins
  2 quokkas
  A ball python skeleton (D:5)
  4 frilled lizards
  2 giant cockroach zombies
  11 goblins
  2 goblin skeletons (D:5)
  2 goblin zombies (D:5)
  2 hobgoblin zombies (D:5)
  A jackal zombie (Ossuary)
  11 kobolds
  A kobold zombie (D:5)
  A leopard gecko skeleton (D:5)
  A leopard gecko zombie (Ossuary)
  3 orc skeletons (D:5)
  3 orc zombies (D:5)
  3 quokka zombies (Ossuary)
  5 rats
  A withered plant (Ossuary)
234 creatures vanquished.

Vanquished Creatures (others)
  An orc (D:6)
  2 hobgoblins (D:1)
  A kobold (D:1)
  A rat (D:1)
  2 plants (Abyss:4)
  4 tentacles (Abyss:4)
  2 withered plants (Ossuary)
13 creatures vanquished.

Grand Total: 247 creatures vanquished

Notes
Turn   | Place    | Note
-------+----------+-------------------------------------------
     0 | Abyss:1  | Rrauwl the Formicid Abyssal Knight began the quest for the Orb.
     0 | Abyss:1  | Reached XP level 1. HP: 18/18 MP: 2/2
    77 | Abyss:2  | Noticed a raiju
    78 | Abyss:2  | Noticed a raiju
   101 | Abyss:4  | Found a corrupted altar of Lugonu.
   156 | Abyss:4  | Noticed a stone giant zombie
   206 | Abyss:4  | Noticed a large abomination
   212 | Abyss:4  | Noticed a thrashing horror
   239 | Abyss:4  | Noticed a neqoxec
   241 | Abyss:4  | Noticed a small abomination
   241 | Abyss:4  | Gained mutation: Armour fits poorly on your strangely shaped body. [a neqoxec]
   244 | Abyss:4  | Noticed a kraken
   249 | D:1      | Escaped the Abyss
   557 | D:1      | Reached * piety under Lugonu
   557 | D:1      | Reached skill level 1 in Dodging
   557 | D:1      | Reached XP level 2. HP: 24/24 MP: 3/3
   935 | D:1      | Reached XP level 3. HP: 18/29 MP: 4/4
  1230 | D:2      | Found a stormy altar of Qazlal.
  1231 | D:2      | Found a sacrificial altar of Ru.
  1231 | D:2      | Found a basalt altar of Yredelemnul.
  1231 | D:2      | Found an ornate altar of the Wu Jian Council.
  1453 | D:2      | Lost mutation: Armour fits poorly on your strangely shaped body. [potion of mutation]
  1453 | D:2      | Gained mutation: Your movements are slightly less encumbered by armour. (ER -2) [potion of mutation]
  1453 | D:2      | Gained mutation: You are robust. (+10% HP) [potion of mutation]
  1453 | D:2      | Gained mutation: You are covered in fur. (AC +1) [potion of mutation]
  1515 | D:2      | Found a faded altar of an unknown god.
  1630 | D:2      | Reached XP level 4. HP: 24/39 MP: 5/5
  2186 | D:3      | Noticed Sigmund
  2193 | D:3      | Killed Sigmund
  2193 | D:3      | Reached skill level 3 in Axes
  2193 | D:3      | Reached XP level 5. HP: 46/46 MP: 5/7
  2193 | D:3      | Reached XP level 6. HP: 52/52 MP: 5/8
  2209 | D:3      | Noticed a phantom
  2210 | D:3      | Noticed Terence
  2224 | D:3      | Reached ** piety under Lugonu
  2230 | D:3      | Killed Terence
  2273 | D:3      | Killed a phantom
  2709 | D:3      | Reached XP level 7. HP: 60/60 MP: 9/9
  3310 | D:4      | Found Zabo's Antique Weapon Shoppe.
  3537 | D:4      | Found a staircase to the Ecumenical Temple.
  3563 | Temple   | Entered the Ecumenical Temple
  3839 | D:4      | Reached skill level 1 in Evocations
  4128 | D:4      | Reached skill level 5 in Fighting
  4134 | D:4      | Noticed a moth of wrath
  4137 | D:4      | Found a bloodstained altar of Trog.
  4282 | D:4      | Reached skill level 4 in Axes
  4374 | D:5      | Entered Level 5 of the Dungeon
  4378 | D:5      | Reached XP level 8. HP: 68/68 MP: 11/11
  4478 | D:5      | Reached skill level 5 in Axes
  4604 | D:5      | Found Daphab's Distillery.
  4632 | D:5      | Found a glowing golden altar of the Shining One.
  4643 | D:5      | Reached *** piety under Lugonu
  4649 | D:5      | Reached skill level 6 in Axes
  4837 | D:6      | Found a sand-covered staircase.
  4867 | Ossuary  | Entered an ossuary
  4908 | Ossuary  | Reached skill level 7 in Axes
  5003 | Ossuary  | Reached XP level 9. HP: 69/74 MP: 12/12
  5118 | Ossuary  | Reached **** piety under Lugonu
  5226 | D:6      | Noticed Menkaure
  5233 | D:6      | Killed Menkaure
  5233 | D:6      | Reached skill level 8 in Axes
  5441 | D:6      | Noticed Pikel
  5459 | D:6      | Killed Pikel
  5459 | D:6      | Reached skill level 9 in Axes
  5516 | D:6      | Noticed Edmund
  5526 | D:6      | Killed Edmund
  5587 | D:6      | Found a shattered altar of Ashenzari.
  5587 | D:6      | Found a sparkling altar of Nemelex Xobeh.
  5856 | D:6      | Noticed Blork the orc
  5864 | D:6      | Killed Blork the orc
  5879 | D:6      | Noticed Grinder
  5886 | D:6      | Reached skill level 10 in Axes
  5887 | D:6      | Killed Grinder
  6700 | D:7      | Found a hazy altar of Hepliaklqana.
  7013 | D:8      | Learned a level 1 spell: Summon Butterflies
  7017 | D:8      | Learned a level 1 spell: Apportation
  7051 | D:8      | Reached XP level 10. HP: 81/81 MP: 13/13
  7175 | D:8      | Reached skill level 11 in Axes
  7809 | D:9      | Reached skill level 12 in Axes
  8032 | D:9      | Found a staircase to the Orcish Mines.
  8245 | D:9      | Noticed a two-headed ogre
  8245 | D:9      | Noticed a two-headed ogre
  8258 | D:9      | Killed a two-headed ogre
  8259 | D:9      | Killed a two-headed ogre
  8259 | D:9      | Reached skill level 5 in Shields
  8430 | D:9      | Reached ***** piety under Lugonu
  8462 | D:9      | Found Qystiah's Antique Armour Boutique.
  8470 | D:9      | Bought an embroidered cloak for 240 gold pieces
  8470 | D:9      | Bought a brightly glowing scale mail for 288 gold pieces
  8480 | D:9      | Identified the +4 scale mail "Cunus" {MR+} (You bought it in a shop on level 9 of the Dungeon)
  8553 | D:9      | Noticed a two-headed ogre
  8556 | D:9      | Reached XP level 11. HP: 86/86 MP: 14/14
  8570 | D:9      | Killed a two-headed ogre
  8883 | D:10     | Entered Level 10 of the Dungeon
  9052 | D:10     | Noticed a two-headed ogre
  9058 | D:10     | Killed a two-headed ogre
  9058 | D:10     | Reached skill level 13 in Axes
  9066 | D:10     | Noticed Erolcha
  9071 | D:10     | Killed Erolcha
  9071 | D:10     | Reached skill level 5 in Invocations
  9195 | D:10     | Found a staircase to the Lair.
  9700 | Lair:1   | Entered Level 1 of the Lair of Beasts
  9728 | Lair:1   | Noticed twist's ghost (journeyman OgHu)
  9744 | Lair:1   | Reached skill level 5 in Evocations
  9744 | Lair:1   | Mangled by twist's ghost

Vault maps used:
D:1:      dpeg_arrival_fog, lemuel_old_faithful
D:2:      chequers_temple_overflow_statue_of_worship,
          chequers_ecumenical_altar_lobes
D:3:      minmay_misc_feat_enclosed, grunt_ministairs_15, uniq_terence,
          uniq_sigmund
D:4:      tgw_trog, temple_pool_b, serial_shops, shop, first_bread
D:5:      nicolae_tso_besieged_by_evil, serial_shops, nicolae_shop_trees,
          uniq_crazy_yiuf_cottage
D:6:      gammafunk_temple_overflow_elements, nicolae_ossuary_entry_ruins,
          uniq_grinder, uniq_blork_the_orc, uniq_edmund, uniq_pikel,
          uniq_menkaure
D:7:      lemuel_crystal_altar, sigmund_army
D:9:      david_orc_3, serial_shops, shop
D:10:     minmay_lair_entry_lava, uniq_erolcha
Temple:   nicolae_temple_figure_eight
Lair:1:   serial_bayou_pond_d, minmay_stone_trees_small, grunt_megastairs_4,
          serial_bayou_shore_b
Abyss:2:  hangedman_abyss_feature_spike
Abyss:3:  evilmike_abyss_exit_vortex
Abyss:4:  hangedman_abyss_theft, hangedman_abyss_rune_macabre_mess
Ossuary:  ossuary_zaba_flooded

Skill      XL: |  1  2  3  4  5  6  7  8  9 10 11 |
---------------+----------------------------------+-----
Dodging        | 1 2 3 |  3.0
Fighting       | 4 5 |  5.0
Axes           | 3 4 7 10 12 13 | 13.2
Armour         | 3 4 |  4.0
Shields        | 2 3 6 7 |  7.8
Invocations    | 3 4 5 |  5.6
Evocations     | 2 5 |  5.0

Action                   |  1- 3 |  4- 6 |  7- 9 | 10-12 || total
-------------------------+-------+-------+-------+-------++-------
Melee: Hand axe          |    78 |    24 |       |       ||   102
       War axe           |       |    45 |   365 |   320 ||   730
       Unarmed           |       |     6 |       |       ||     6
Invok: Depart the Abyss  |     1 |       |       |       ||     1
 Abil: Dig               |       |       |       |     1 ||     1
Evoke: Wand              |       |       |       |     4 ||     4
  Use: Scroll            |    10 |     3 |     3 |     8 ||    24
       Potion            |     7 |     3 |     6 |     1 ||    17
 Stab: Confused          |       |     1 |       |       ||     1
  Eat: Chunk             |     2 |     4 |     9 |     5 ||    20
       Meat ration       |       |       |     1 |       ||     1
       Fruit             |       |       |       |     5 ||     5
Armor: Leather armour    |    24 |     9 |    13 |       ||    46
       Chain mail        |       |       |   118 |   102 ||   220
       Scale mail        |       |       |       |    33 ||    33
       Plate armour      |       |       |       |     2 ||     2
Dodge: Dodged            |    43 |    29 |   137 |   108 ||   317
Block: Buckler           |     3 |     9 |    47 |   116 ||   175
       Reflection        |       |       |       |     2 ||     2
